Map: Sueño ártico EE

Players

MrFercho - Winner!

  • Race: Zerg Zerg
  • League: Silver
  • Spawn Location: 5:00

TATORREA - Winner!

  • Race: Protoss Protoss
  • League: Silver
  • Spawn Location: 6:00

XxInsaynexX

  • Race: Protoss Protoss
  • Spawn Location: 12:00

Banishalol

  • Race: Protoss Protoss
  • League: Gold
  • Spawn Location: 11:00

VOD

Have the link to the VOD?

Description

Time

  • Played on: June 21, 2020, 8:45 p.m.
  • Length: 17:12
Show
View Real Time Build Order
Export as new Build Order

MrFercho Zerg - Winner!

Build Orders: Hatch First, Lurkers 

Get SALT Encoding   

  12  0:01  Drone  
  13  0:17  Overlord  
  13  0:18  Drone  
  16  0:35  Drone x2  
  16  0:53  Hatchery, Drone  
  16  1:11  Spawning Pool  
  15  1:12  Drone  
  16  1:37  Extractor  
  16  1:39  Drone x3  
  18  1:52  Drone  
  19  1:59  Queen  
  21  2:01  Drone  
  21  2:05  Drone  
  21  2:06  Queen  
  25  2:15  Overlord  
  25  2:16  Drone  
  25  2:22  Drone  
  27  2:27  Drone  
  28  2:40  Lair  
  28  2:42  Queen  
  30  2:50  Zergling x6  
  30  2:51  Zergling x2  
  34  2:55  Drone  
  35  3:06  Overlord x2  
  35  3:10  Drone  
  36  3:19  Overlord  
  36  3:20  Overlord x2  
  36  3:32  Drone x5  
  41  3:45  Drone x2  
  41  3:47  Extractor  
  42  3:54  Roach Warren  
  41  3:57  Evolution Chamber  
  41  3:58  Drone x2  
  41  3:59  Drone  
  43  4:04  Drone  
  44  4:48  Drone x8  
  44  4:49  Drone x3  
  59  5:00  Drone x4  
  59  5:01  Extractor, Hatchery  
  59  5:05  Extractor  
  59  5:06  Hatchery  
  55  5:10  Drone  
  55  5:13  Zerg Missile Weapons Level 1  
  56  5:19  Infestation Pit  
  54  5:24  Roach x6  
  66  5:37  Glial Reconstitution  
  66  5:42  Drone  
  67  5:43  Overlord x2  
  67  6:22  Drone x3  
  67  6:24  Drone x2  
  72  6:32  Drone x11  
  83  6:39  Extractor  
  82  6:40  Extractor  
  81  6:49  Drone x7  
  81  6:52  Extractor  
  81  6:53  Extractor  
  86  6:56  Spore Crawler  
  86  6:58  Spore Crawler  
  84  7:03  Roach  
  84  7:04  Roach x4  
  84  7:05  Spine Crawler x2  
  92  7:09  Overlord x4  
  92  7:10  Overlord  
  92  7:16  Spore Crawler  
  92  7:19  Spore Crawler  
  92  7:20  Hive, Spine Crawler  
  92  7:22  Zerg Missile Weapons Level 2, Spine Crawler  
  88  7:31  Evolution Chamber  
  88  7:34  Spore Crawler  
  88  7:35  Spore Crawler  
  85  7:48  Roach x12  
  109  7:58  Hydralisk Den  
  105  8:17  Drone  
  105  8:18  Drone x7  
  113  8:31  Spine Crawler  
  113  8:32  Spine Crawler  
  111  8:35  Spore Crawler  
  111  8:38  Spine Crawler  
  111  8:41  Spine Crawler  
  108  8:42  Hydralisk  
  108  8:43  Hydralisk x12  
  108  8:46  Overlord x2  
  134  8:58  Zerg Ground Armor Level 1  
  132  9:16  Hydralisk x2  
  132  9:17  Hydralisk x7  
  134  9:26  Drone  
  134  9:29  Drone x10  
  143  9:45  Hatchery  
  138  10:03  Drone x3  
  138  10:06  Drone  
  142  10:16  Drone  
  142  10:17  Drone  
  142  10:18  Drone x2  
  146  10:24  Drone  
  146  10:25  Drone x2  
  140  10:54  Drone  
  140  10:55  Drone x14  
  141  11:09  Drone x3  
  141  11:10  Drone x3  
  147  11:23  Hatchery  
  146  11:26  Extractor x2  
  144  11:54  Drone x12  
  156  12:10  Zergling x4  
  158  12:38  Overlord x11  
  156  12:50  Hatchery  
  107  12:52  Hatchery, Zerg Ground Armor Level 2  
  107  12:53  Zerg Missile Weapons Level 3  
  107  12:57  Pneumatized Carapace  
  90  13:00  Burrow  
  90  13:04  Muscular Augments  
  90  13:14  Lurker Den, Hydralisk x11  
  90  13:15  Hydralisk x7  
  90  13:16  Spire  
  90  13:18  Spire  
  123  13:45  Drone  
  123  13:46  Drone x2  
  123  13:47  Drone x2  
  128  14:00  Hydralisk x12  
  128  14:01  Hydralisk x3  
  158  14:15  Lurker, Grooved Spines  
  158  14:16  Lurker x14  
  171  14:19  Hydralisk x8  
  187  14:32  Overseer  
  187  14:38  Overseer x3  
  164  15:02  Drone  
  164  15:03  Drone x12  
  177  15:19  Hydralisk  
  177  15:20  Hydralisk x9  
  197  15:26  Seismic Spines  
  197  15:29  Greater Spire  
  197  15:35  Hydralisk  
Show
View Real Time Build Order
Export as new Build Order

TATORREA Protoss - Winner!

Build Orders:  

Get SALT Encoding   

  12  0:02  Probe  
  13  0:14  Probe  
  14  0:25  Pylon  
  14  0:26  Probe  
  15  0:43  Probe  
  15  0:46  Gateway  
  16  0:55  Probe  
  17  1:08  Probe  
  18  1:16  Probe  
  18  1:17  Assimilator  
  18  1:24  Probe  
  20  1:35  Probe  
  21  1:49  Probe  
  22  1:58  Assimilator  
  22  2:01  Probe  
  22  2:03  Pylon  
  23  2:08  Pylon  
  23  2:17  Probe, Nexus  
  23  2:18  Pylon  
  23  2:22  Pylon  
  24  2:26  Probe  
  24  2:27  Cybernetics Core  
  25  2:39  Probe  
  26  2:51  Probe  
  27  3:03  Probe  
  27  3:04  Gateway  
  28  3:06  Robotics Facility  
  28  3:15  Probe  
  28  3:19  Stalker  
  31  3:22  Warp Gate  
  31  3:24  Probe x2  
  31  3:33  Probe x2  
  35  3:41  Probe  
  35  3:42  Probe  
  37  3:53  Probe  
  37  3:54  Probe  
  39  3:56  Nexus  
  39  4:02  Pylon  
  39  4:06  Pylon, Probe  
  39  4:07  Probe  
  41  4:18  Assimilator, Probe  
  41  4:19  Probe  
  41  4:22  Assimilator  
  43  4:25  Stalker  
  43  4:27  Sentry  
  43  4:30  Probe  
  43  4:31  Probe  
  49  4:37  Immortal  
  53  4:42  Probe  
  53  4:43  Probe  
  55  4:55  Probe  
  55  4:56  Probe  
  57  5:08  Probe x2  
  57  5:14  Pylon  
  59  5:20  Probe x2  
  61  5:21  Pylon  
  61  5:24  Stalker  
  61  5:25  Stalker  
  61  5:27  Pylon  
  65  5:28  Probe  
  65  5:31  Forge x2  
  65  5:32  Probe x2  
  65  5:33  Forge  
  68  5:39  Immortal  
  68  5:40  Probe  
  73  5:49  Assimilator, Probe x2  
  75  5:53  Assimilator, Probe  
  75  5:56  Protoss Ground Weapons Level 1  
  76  5:57  Protoss Ground Armor Level 1, Stalker  
  76  5:58  Stalker  
  76  6:01  Probe x2, Protoss Shields Level 1  
  82  6:05  Probe  
  83  6:13  Probe x2  
  83  6:17  Probe  
  86  6:20  Observer  
  86  6:25  Probe x2  
  89  6:29  Probe  
  90  6:37  Probe x2  
  92  6:41  Immortal  
  92  6:42  Nexus  
  92  6:43  Pylon  
  92  6:46  Pylon  
  96  6:53  Pylon  
  96  6:57  Pylon  
  96  6:59  Stalker  
  96  7:00  Stalker  
  100  7:01  Pylon  
  100  7:05  Pylon, Probe  
  100  7:06  Probe x2  
  103  7:21  Probe  
  103  7:22  Probe x2  
  102  7:40  Stalker x2  
  106  7:44  Probe x2  
  106  7:45  Probe  
  105  8:08  Probe x3  
  104  8:25  Twilight Council  
  82  8:40  Assimilator  
  82  8:43  Stalker  
  82  8:44  Stalker, Assimilator  
  75  9:08  Stalker x2  
  79  9:30  Protoss Shields Level 2, Protoss Ground Armor Level 2, Protoss Ground Weapons Level 2  
  79  9:31  Nexus  
  79  9:34  Pylon  
  79  9:37  Pylon  
  79  9:38  Probe x3  
  82  9:44  Stalker x2  
  86  9:50  Probe x3  
  89  10:00  Gateway  
  89  10:02  Gateway  
  89  10:04  Gateway  
  89  10:06  Gateway  
  89  10:08  Gateway  
  89  10:10  Gateway  
  89  10:14  Gateway  
  89  10:17  Gateway  
  89  10:20  Gateway  
  89  10:26  Gateway, Probe x3  
  92  10:29  Gateway  
  92  10:31  Gateway  
  92  10:34  Gateway  
  92  10:38  Probe x3  
  95  10:47  Stalker x2, Pylon  
  95  10:48  Nexus  
  95  10:49  Immortal, Pylon x2  
  103  10:52  Pylon x2  
  103  10:56  Pylon  
  103  11:02  Pylon  
  103  11:03  Gateway  
  103  11:06  Gateway  
  103  11:07  Assimilator  
  103  11:11  Gateway x2  
  103  11:13  Stalker x2  
  103  11:14  Gateway, Stalker x3  
  103  11:15  Stalker x4  
  103  11:16  Stalker, Gateway  
  123  11:19  Gateway  
  123  11:21  Gateway  
  123  11:24  Gateway  
  123  11:26  Gateway  
  123  11:29  Immortal  
  127  11:37  Stalker  
  127  11:38  Stalker  
  127  11:39  Stalker x3  
  137  11:40  Stalker x2  
  137  11:41  Stalker x5  
  137  11:42  Stalker x2  
  137  11:43  Stalker  
  157  11:57  Blink  
  157  12:02  Templar Archives  
  157  12:07  Stalker x4  
  157  12:08  Stalker x3, Immortal  
  173  12:09  Stalker  
  177  12:27  Stalker x4  
  177  12:28  Stalker x4  
  193  12:47  Observer  
  142  13:08  Immortal  
  106  13:28  Stalker  
  106  13:29  Stalker x4  
  106  13:31  Protoss Ground Weapons Level 3, Protoss Shields Level 3, Protoss Ground Armor Level 3, High Templar x4  
  106  13:32  High Templar  
  106  13:33  High Templar  
  106  13:34  High Templar x4  
  120  13:35  High Templar x2  
  120  13:36  High Templar x4  
  120  13:37  High Templar x2  
  120  13:38  High Templar x2  
  142  13:49  Immortal  
  146  14:06  Assimilator  
  146  14:10  Stalker  
  146  14:11  Stalker x4, Assimilator  
  146  14:12  Stalker x3  
  146  14:13  Stalker x3  
  146  14:16  Zealot x3  
  146  14:17  Zealot x5  
  174  14:18  Zealot x2  
  174  14:19  Zealot x2  
  174  14:20  Zealot x2  
  174  14:23  Charge  
  188  14:39  Archon x3  
  188  14:40  Archon x3  
  188  14:41  Archon x3  
  188  14:43  Archon  
  188  14:49  Stalker  
  188  14:50  Stalker x4  
  188  14:51  Stalker  
  165  16:23  Stalker x2  
  165  16:24  Stalker x3  
  165  16:25  Stalker x2  
  179  16:26  Stalker x4  
  179  16:27  Stalker x5  
  179  16:28  Stalker  
Show
View Real Time Build Order
Export as new Build Order

XxInsaynexX Protoss 

Build Orders: 1 Gate Expand, Zealot Archon 

Get SALT Encoding   

  12  0:01  Probe  
  13  0:13  Probe  
  14  0:17  Pylon  
  14  0:25  Probe  
  15  0:37  Probe  
  15  0:39  Assimilator  
  16  0:45  Gateway  
  16  0:46  Probe  
  17  0:54  Probe  
  17  1:03  Probe  
  19  1:16  Probe  
  20  1:29  Nexus  
  20  1:35  Probe  
  21  1:41  Assimilator  
  21  1:47  Probe  
  22  1:55  Cybernetics Core  
  22  1:59  Probe  
  23  2:03  Pylon  
  23  2:04  Warp Gate  
  23  2:05  Pylon  
  23  2:26  Probe  
  23  2:29  Stalker  
  26  2:46  Probe  
  26  2:47  Probe  
  28  2:58  Probe  
  28  2:59  Probe  
  30  3:11  Probe x2  
  32  3:17  Twilight Council  
  32  3:19  Robotics Facility  
  32  3:22  Gateway  
  32  3:24  Gateway  
  32  3:26  Probe x2  
  34  3:38  Probe  
  34  3:39  Probe  
  36  3:50  Probe  
  36  3:51  Probe  
  36  3:52  Assimilator  
  36  3:54  Assimilator  
  38  4:03  Probe x2  
  38  4:07  Templar Archives  
  40  4:11  Stargate  
  40  4:22  Stargate  
  40  4:26  Probe x2  
  42  4:35  Charge  
  42  4:38  Stalker x3, Probe x2  
  50  4:50  Probe x2  
  52  5:02  Probe x2  
  54  5:40  Nexus  
  54  5:48  Pylon  
  54  5:50  Pylon  
  54  5:54  Pylon  
  54  5:58  Pylon  
  54  5:59  Psionic Storm  
  54  6:02  Pylon  
  54  6:06  Immortal, Probe x2  
  54  6:09  High Templar x2  
  54  6:10  High Templar  
  66  6:18  Probe x2  
  68  6:30  Gateway  
  68  6:33  Gateway  
  68  6:36  Gateway  
  68  6:41  Gateway, Archon  
  68  6:43  High Templar x2  
  68  6:45  High Templar  
  74  6:50  Archon  
  74  6:52  Archon  
  74  6:54  Probe x3  
  77  7:06  Probe x3  
  80  7:13  Robotics Bay  
  80  7:18  Probe x3  
  83  7:25  Shield Battery  
  83  7:27  Shield Battery  
  83  7:30  Shield Battery, Probe x2  
  83  7:31  Probe  
  83  7:33  Zealot x4  
  83  7:34  Zealot x2  
  83  7:36  Zealot  
  100  7:41  Assimilator  
  100  7:42  Probe  
  100  7:43  Probe x2  
  103  7:45  Assimilator  
  103  7:54  Probe  
  103  7:55  Probe x2  
  106  7:58  Stalker  
  94  8:38  Zealot  
  94  8:39  Zealot  
  94  8:40  Zealot x3  
  94  8:41  Zealot x2  
  92  9:27  Blink  
  92  9:29  Colossus  
  96  9:34  Zealot x2  
  96  9:35  Stalker x4  
  108  9:51  Probe  
  109  10:19  Pylon  
  109  10:37  Probe x3  
  109  10:40  Nexus  
  109  10:41  Pylon  
  112  10:44  Pylon  
  112  10:47  Pylon  
  112  10:49  Probe  
  113  10:50  Pylon  
  113  10:51  Stalker, Zealot  
  113  10:53  Pylon  
  99  11:08  Probe x3  
  99  11:10  Colossus  
  102  11:13  Zealot  
  102  11:14  Stalker x2, Zealot  
  102  11:15  Stalker, Zealot x2  
  116  11:20  Probe x3  
  125  11:30  Pylon  
  125  11:32  Probe x3  
  128  11:34  Pylon  
  128  11:37  Pylon, Zealot x2  
  128  11:38  Stalker, Zealot  
  128  11:39  Stalker  
  138  11:40  Zealot  
  138  11:41  Zealot  
  142  11:58  Forge x2  
  142  12:03  High Templar x3  
  142  12:04  Colossus, High Templar x3  
  142  12:05  High Templar  
  130  13:07  Zealot x3  
  130  13:08  Zealot x2  
  122  13:35  Stalker, Zealot x3  
  122  13:36  High Templar, Zealot x2  
  136  13:48  Protoss Ground Armor Level 1, Protoss Ground Weapons Level 1  
  135  13:57  Probe x3  
  135  13:58  Probe  
  136  14:09  Probe x2  
  134  14:10  Probe x2  
  135  14:21  Probe x2  
  135  14:22  Probe x2  
  139  14:28  Zealot  
  139  14:29  Zealot x2  
  139  14:30  High Templar x3  
  139  14:31  High Templar  
  153  14:33  Probe  
  140  15:10  Archon x2  
  140  15:28  Zealot  
  140  15:29  Zealot x3  
  140  15:31  Pylon, High Templar x3  
  140  15:35  Pylon  
  78  16:25  High Templar  
  65  16:30  Stalker x3  
  65  16:31  High Templar x3  
Show
View Real Time Build Order
Export as new Build Order

Banishalol Protoss 

Build Orders: 1 Gate Expand 

Get SALT Encoding   

  12  0:01  Probe  
  13  0:13  Probe  
  14  0:31  Pylon  
  14  0:33  Probe  
  15  0:49  Probe  
  16  0:52  Gateway  
  16  1:01  Probe  
  17  1:15  Nexus  
  17  1:26  Assimilator  
  17  1:46  Cybernetics Core  
  17  2:04  Zealot  
  17  2:07  Probe  
  20  2:13  Assimilator  
  20  2:15  Probe  
  21  2:23  Probe  
  21  2:29  Pylon  
  22  2:31  Probe  
  22  2:35  Probe  
  24  2:43  Probe  
  25  2:47  Probe  
  25  2:48  Stalker  
  28  2:55  Probe  
  29  2:59  Probe  
  29  3:00  Gateway  
  30  3:08  Forge  
  30  3:15  Warp Gate  
  30  3:18  Stalker  
  30  3:19  Probe x2  
  34  3:31  Probe x2  
  36  3:35  Assimilator  
  36  3:38  Pylon  
  36  3:43  Probe x2  
  38  3:48  Stalker  
  40  4:08  Stalker  
  42  4:10  Protoss Ground Weapons Level 1  
  42  4:17  Photon Cannon  
  42  4:20  Gateway  
  42  4:29  Pylon  
  42  4:36  Pylon  
  42  4:39  Stalker x2  
  42  4:40  Pylon  
  46  4:47  Probe  
  46  4:48  Probe  
  48  4:59  Probe  
  49  5:02  Assimilator  
  49  5:14  Twilight Council  
  49  5:16  Stargate  
  49  5:17  Probe  
  49  5:18  Probe  
  51  5:30  Probe x2  
  53  5:37  Robotics Facility  
  53  5:42  Probe x2  
  55  5:52  Oracle  
  55  5:55  Forge  
  55  5:58  Photon Cannon  
  58  6:10  Stalker x3  
  64  6:16  Charge  
  64  6:24  Observer  
  65  6:27  Protoss Ground Weapons Level 2  
  65  6:29  Oracle  
  68  7:00  Nexus  
  68  7:03  Pylon  
  68  7:07  Pylon  
  68  7:12  Pylon  
  58  8:13  Stalker x3  
  64  8:38  Probe x2  
  64  8:39  Probe  
  67  8:50  Probe x2, Protoss Shields Level 1  
  67  8:51  Probe  
  67  8:52  Stalker x3  
  77  9:02  Probe  
  77  9:04  Protoss Ground Weapons Level 3  
  77  9:07  Probe x2  
  79  9:15  Probe  
  68  9:19  Probe  
  68  9:20  Probe  
  66  9:26  Stalker x3  
  66  9:27  Probe  
  70  10:01  Phoenix  
  70  10:05  Robotics Bay  
  70  10:07  Robotics Facility  
  72  10:09  Robotics Facility  
  72  10:17  Assimilator  
  72  10:21  Assimilator  
  72  10:25  Zealot x3  
  72  10:26  Phoenix  
  80  10:29  Immortal  
  84  10:51  Phoenix  
  86  11:02  Extended Thermal Lance  
  80  11:08  Colossus x2  
  80  11:09  Observer  
  93  11:20  Stalker x3  
  99  11:29  Colossus  
  105  11:33  Templar Archives  
  105  11:44  Probe  
  106  12:09  Gateway  
  106  12:12  Photon Cannon  
  106  12:14  Photon Cannon  
  106  12:16  Photon Cannon, Colossus  
  112  12:26  Pylon  
  112  12:35  Colossus  
  112  12:42  Gravitic Boosters  
  112  12:55  Protoss Shields Level 2  
  112  12:56  Protoss Air Weapons Level 1  
  110  13:00  Stalker  
  71  13:32  Pylon  
  71  13:37  Pylon  
  71  13:42  Pylon  
  71  14:06  High Templar  
  71  14:07  High Templar x2  
  77  14:36  Stalker  
  79  14:44  Psionic Storm  
  79  14:46  Colossus  
  79  14:48  Colossus  
  79  14:49  Colossus  
  97  15:03  Gateway  
  97  15:12  Stalker  
  97  15:13  Stalker x3  
  97  15:14  Forge  
  104  15:40  Immortal  
  104  15:42  Immortal  
  112  15:43  Immortal  
  116  15:53  Stalker x4  
Tags
 
Add a new tag
Caveats
  • Supply blocks, unpowered buildings, or Contaminate may cause inaccurate times.
  • Supply counts are checked every 10 seconds.